Workbook
Name _mu: '[1]Q2 data'!$B$2
Name _mu: '[1]Q2 data'!$B$2
Name _mu: '[1]Q2 data'!$B$2
Name _mu: '[1]Q2 data'!$B$2
Name _mu: '[1]Q2 data'!$B$2
Name _mu: 'Q.2 Data'!$B$2
Name _sd: '[1]Q2 data'!$B$3
Name _sd: '[1]Q2 data'!$B$3
Name _sd: '[1]Q2 data'!$B$3
Name _sd: '[1]Q2 data'!$B$3
Name _sd: '[1]Q2 data'!$B$3
Name _sd: 'Q.2 Data'!$B$3
Name _va: 'Q.2 Data'!$D$2
Name amnt: '[1]2iii'!$B$3
Name amnt: '[1]2iii'!$B$3
Name amnt: 'Q.2(iii)'!$B$3
Name amnt: '[1]2iii'!$B$3
Name amnt: '[1]2iii'!$B$3
Name amnt: '[2]2iii'!$B$3
Name Calls: '[1]Q1 data'!#REF!
Name Calls: '[1]Q1 data'!#REF!
Name Calls: '[1]Q1 data'!#REF!
Name Calls: '[1]Q1 data'!#REF!
Name Calls: '[1]Q1 data'!#REF!
Name Calls: '[2]Q1 data'!#REF!
Name Claim_amt: '[1]1i'!$K$1
Name Claim_amt: '[1]1i'!$K$1
Name Claim_amt: '[1]1i'!$K$1
Name Claim_amt: '[1]1i'!$K$1
Name Claim_amt: '[1]1i'!$K$1
Name Claim_amt: '[2]1i'!$K$1
Name investment: '[2]Q1 data'!$E$2
Name investment: '[1]Q1 data'!$E$2
Name investment: '[1]Q1 data'!$E$2
Name investment: '[1]Q1 data'!$E$2
Name investment: '[1]Q1 data'!$E$2
Name investment: '[1]Q1 data'!$E$2
Name investment: '[3]Q1 data'!$E$2
Name Loan: '[1]Q1 data'!#REF!
Name Loan: '[1]Q1 data'!#REF!
Name Loan: '[1]Q1 data'!#REF!
Name Loan: '[1]Q1 data'!#REF!
Name Loan: '[1]Q1 data'!#REF!
Name Loan: '[2]Q1 data'!#REF!
Name mu: #REF!
Name mu: #REF!
Name mu: #REF!
Name mu: #REF!
Name mu: #REF!
Name mu: #REF!
Name Puts: '[1]Q1 data'!#REF!
Name Puts: '[1]Q1 data'!#REF!
Name Puts: '[1]Q1 data'!#REF!
Name Puts: '[1]Q1 data'!#REF!
Name Puts: '[1]Q1 data'!#REF!
Name Puts: '[2]Q1 data'!#REF!
Name Shares: '[1]Q1 data'!#REF!
Name Shares: '[1]Q1 data'!#REF!
Name Shares: '[1]Q1 data'!#REF!
Name Shares: '[1]Q1 data'!#REF!

Sheet Q.1 Data 
B3: Equity Index return | C3: Probability
B5: 0.16 | C5: 0.04275
B6: 0.2 | C6: 0.0105
B7: -0.38 | C7: 0.0051
B8: 0.81 | C8: 0.00075
B9: 0.11 | C9: 0.15375
B10: -0.1 | C10: 0.1245
B11: 0.08 | C11: 0.2595
B12: 0.19 | C12: 0.01575
B13: 0.25 | C13: 0.0015
B14: -0.09 | C14: 0.15375
B15: 0.17 | C15: 0.0315
B16: 0.11 | C16: 0.15375
... B19: 0.68 | C19: 0.0139

Sheet Q.1 (i) 
B1: Investment | C1: =10000000 -> 10000000
B2: Proportion | C2: 0.5
B3: Investment in equity | C3: =C2*C1 -> 5000000
B4: Investment in Fixed deposit | C4: =C1*C2 -> 5000000 | D4: [1/2]
E6: [1] | F6: [1] | G6: [1/2]
B7: Equity Index return | C7: Probability | D7: Return *Probability | E7: Value at t=1 | F7: Utility | G7: Utility*prob
B8: 0.16 | C8: 0.04275 | D8: =B8*C8 -> 0.00684 | E8: =$C$3*(1+B8) -> 5800000 | F8: =LN(E8) -> 15.573368 | G8: =F8*C8 -> 0.6657615 | K8: Mean | L8: Expected utility
B9: 0.2 | C9: 0.0105 | D9: =B9*C9 -> 0.0021 | E9: =$C$3*(1+B9) -> 6000000 | F9: =LN(E9) -> 15.60727 | G9: =F9*C9 -> 0.16387634 | J9: Fixed deposit | K9: =C4*1.04 -> 5200000 | L9: =LN(K9) -> 15.464169 | N9: [1]
B10: -0.38 | C10: 0.0051 | D10: =B10*C10 -> -0.001938 | E10: =$C$3*(1+B10) -> 3100000 | F10: =LN(E10) -> 14.946913 | G10: =F10*C10 -> 0.076229255 | J10: Equity tracker | K10: =C3*(1+SUM(D8:D22)) -> 5295382.5 | L10: =LN(K10) -> 15.482346 | N10: [1]
B11: 0.81 | C11: 0.00075 | D11: =B11*C11 -> 0.0006075 | E11: =$C$3*(1+B11) -> 9050000 | F11: =LN(E11) -> 16.018275 | G11: =F11*C11 -> 0.012013706
B12: 0.11 | C12: 0.15375 | D12: =B12*C12 -> 0.0169125 | E12: =$C$3*(1+B12) -> 5550000 | F12: =LN(E12) -> 15.529308 | G12: =F12*C12 -> 2.3876312
B13: -0.1 | C13: 0.1245 | D13: =B13*C13 -> -0.01245 | E13: =$C$3*(1+B13) -> 4500000 | F13: =LN(E13) -> 15.319588 | G13: =F13*C13 -> 1.9072887
B14: 0.08 | C14: 0.2595 | D14: =B14*C14 -> 0.02076 | E14: =$C$3*(1+B14) -> 5400000 | F14: =LN(E14) -> 15.50191 | G14: =F14*C14 -> 4.0227455
B15: 0.19 | C15: 0.01575 | D15: =B15*C15 -> 0.0029925 | E15: =$C$3*(1+B15) -> 5950000 | F15: =LN(E15) -> 15.598902 | G15: =F15*C15 -> 0.2456827
B16: 0.25 | C16: 0.0015 | D16: =B16*C16 -> 0.000375 | E16: =$C$3*(1+B16) -> 6250000 | F16: =LN(E16) -> 15.648092 | G16: =F16*C16 -> 0.023472138
B17: -0.09 | C17: 0.15375 | D17: =B17*C17 -> -0.0138375 | E17: =$C$3*(1+B17) -> 4550000 | F17: =LN(E17) -> 15.330638 | G17: =F17*C17 -> 2.3570856
B18: 0.17 | C18: 0.0315 | D18: =B18*C18 -> 0.005355 | E18: =$C$3*(1+B18) -> 5850000 | F18: =LN(E18) -> 15.581952 | G18: =F18*C18 -> 0.49083149
B19: 0.11 | C19: 0.15375 | D19: =B19*C19 -> 0.0169125 | E19: =$C$3*(1+B19) -> 5550000 | F19: =LN(E19) -> 15.529308 | G19: =F19*C19 -> 2.3876312
B20: 0.17 | C20: 0.0315 | D20: =B20*C20 -> 0.005355 | E20: =$C$3*(1+B20) -> 5850000 | F20: =LN(E20) -> 15.581952 | G20: =F20*C20 -> 0.49083149
B21: -0.24 | C21: 0.0015 | D21: =B21*C21 -> -0.00036 | E21: =$C$3*(1+B21) -> 3800000 | F21: =LN(E21) -> 15.150512 | G21: =F21*C21 -> 0.022725767
B22: 0.68 | C22: 0.0139 | D22: =B22*C22 -> 0.009452 | E22: =$C$3*(1+B22) -> 8400000 | F22: =LN(E22) -> 15.943742 | G22: =F22*C22 -> 0.22161802

Sheet Q.1(ii)
A1: (ii)
A2: Comments
A3: The log utility function exhibits declining absolute risk reversion. | K3: [1]
A4: It also exhibits constant relative risk reversion | K4: [1]
A5: This is consistent with an investor who keeps constant proportion of wealth invested in | K5: [1]
A6: riskier assets as they grow richer
A7: The investor's utility maximisation choice is independent of future periods
K8: Max (3)

Sheet Q.1(iii)
A1: Investment | B1: =10000000 -> 10000000
A2: Proportion | B2: 0.5
A3: Investment in equity | B3: =B2*B1 -> 5000000
A4: Investment in Fixed deposit | B4: =B1*B2 -> 5000000 | D4: ='[4]Q2 Data'!C3 -> Calendar Year ending | E4: ='[4]Q2 Data'!D3 -> Total return | F4: Bank deposit fund movement | G4: Stock market fund movement | H4: Movement of the Total Fund (Surplus Process)
D5: Amount invested | F5: =$B$4 -> 5000000 | G5: =B3 -> 5000000 | H5: =F5+G5 -> 10000000
D6: Year 1 | E6: ='Q.1 Data '!B5 -> 0.16 | F6: =(F5)*(1+0.04) -> 5200000 | G6: =(G5)*(1+E6) -> 5800000 | H6: =F6+G6 -> 11000000
D7: Year 2 | E7: ='Q.1 Data '!B6 -> 0.2 | F7: =(F6)*(1+0.04) -> 5408000 | G7: =(G6)*(1+E7) -> 6960000 | H7: =F7+G7 -> 12368000
D8: Year 3 | E8: ='Q.1 Data '!B7 -> -0.38 | F8: =(F7)*(1+0.04) -> 5624320 | G8: =(G7)*(1+E8) -> 4315200 | H8: =F8+G8 -> 9939520
D9: Year 4 | E9: ='Q.1 Data '!B8 -> 0.81 | F9: =(F8)*(1+0.04) -> 5849292.8 | G9: =(G8)*(1+E9) -> 7810512 | H9: =F9+G9 -> 13659805
D10: Year 5 | E10: ='Q.1 Data '!B9 -> 0.11 | F10: =(F9)*(1+0.04) -> 6083264.5 | G10: =(G9)*(1+E10) -> 8669668.3 | H10: =F10+G10 -> 14752933
D11: Year 6 | E11: ='Q.1 Data '!B10 -> -0.1 | F11: =(F10)*(1+0.04) -> 6326595.1 | G11: =(G10)*(1+E11) -> 7802701.5 | H11: =F11+G11 -> 14129297
D12: Year 7 | E12: ='Q.1 Data '!B11 -> 0.08 | F12: =(F11)*(1+0.04) -> 6579658.9 | G12: =(G11)*(1+E12) -> 8426917.6 | H12: =F12+G12 -> 15006577
D13: Year 8 | E13: ='Q.1 Data '!B12 -> 0.19 | F13: =(F12)*(1+0.04) -> 6842845.3 | G13: =(G12)*(1+E13) -> 10028032 | H13: =F13+G13 -> 16870877
D14: Year 9 | E14: ='Q.1 Data '!B13 -> 0.25 | F14: =(F13)*(1+0.04) -> 7116559.1 | G14: =(G13)*(1+E14) -> 12535040 | H14: =F14+G14 -> 19651599
D15: Year 10 | E15: ='Q.1 Data '!B14 -> -0.09 | F15: =(F14)*(1+0.04) -> 7401221.4 | G15: =(G14)*(1+E15) -> 11406886 | H15: =F15+G15 -> 18808108
D16: Year 11 | E16: ='Q.1 Data '!B15 -> 0.17 | F16: =(F15)*(1+0.04) -> 7697270.3 | G16: =(G15)*(1+E16) -> 13346057 | H16: =F16+G16 -> 21043327
D17: Year 12 | E17: ='Q.1 Data '!B16 -> 0.11 | F17: =(F16)*(1+0.04) -> 8005161.1 | G17: =(G16)*(1+E17) -> 14814123 | H17: =F17+G17 -> 22819284
... D20: Year 15 | E20: ='Q.1 Data '!B19 -> 0.68 | F20: =(F19)*(1+0.04) -> 9004717.5 | G20: =(G19)*(1+E20) -> 22130167 | H20: =F20+G20 -> 31134884
F21: 1 mark | G21: 1 mark | H21: 1 mark
H24: ( maximum 3 marks)

Sheet Q.1(iv)
C1: initial investment | D1: ='Q.1 (i) '!C1 -> 10000000 | H1: mean | I1: 0.09
C2: interest on deposits | D2: 0.04 | H2: variance | I2: 0.3
C3: ruin probability | D3: = prob ( U t < 50 * (1+ .09) ^ (t -1)* lakhs)
H5: 1 mark for all the data in D1, D2, I1, I2, D6
C6: Initial trigger | D6: 2500000
H8: Use as many columns as you need; feel free to insert more columns if necessary
D9: t | E9: Cumulative value of fixed deposit | F9: Mu t | G9: (sigma^2) t | H9: Trigger | I9: Breakeven stock return | J9: z-value | L9: Prob of ruin
D10: 0 | E10: ='Q.1(iii)'!F5 -> 5000000 | F10: =D10*$I$1 -> 0 | G10: =$I$2*D10 -> 0
D11: =D10+1 -> 1 | E11: ='Q.1(iii)'!F6 -> 5200000 | F11: =D11*$I$1 -> 0.09 | G11: =$I$2*D11 -> 0.3 | H11: =D6 -> 2500000 | I11: =(H11-E11)/(0.5*$D$1)-1 -> -1.54 | J11: =(I11-F11)/SQRT(G11) -> -2.9759592 | L11: =NORMSDIST(J11) -> 0.0014603684
D12: =D11+1 -> 2 | E12: ='Q.1(iii)'!F7 -> 5408000 | F12: =D12*$I$1 -> 0.18 | G12: =$I$2*D12 -> 0.6 | H12: =H11*1.09 -> 2725000 | I12: =(H12-E12)/(0.5*$D$1)-1 -> -1.5366 | J12: =(I12-F12)/SQRT(G12) -> -2.2161211 | L12: =NORMSDIST(J12) -> 0.013341606
D13: =D12+1 -> 3 | E13: ='Q.1(iii)'!F8 -> 5624320 | F13: =D13*$I$1 -> 0.27 | G13: =$I$2*D13 -> 0.9 | H13: =H12*1.09 -> 2970250 | I13: =(H13-E13)/(0.5*$D$1)-1 -> -1.530814 | J13: =(I13-F13)/SQRT(G13) -> -1.8982246 | L13: =NORMSDIST(J13) -> 0.028833249
D14: =D13+1 -> 4 | E14: ='Q.1(iii)'!F9 -> 5849292.8 | F14: =D14*$I$1 -> 0.36 | G14: =$I$2*D14 -> 1.2 | H14: =H13*1.09 -> 3237572.5 | I14: =(H14-E14)/(0.5*$D$1)-1 -> -1.5223441 | J14: =(I14-F14)/SQRT(G14) -> -1.7183372 | L14: =NORMSDIST(J14) -> 0.042867567
D15: =D14+1 -> 5 | E15: ='Q.1(iii)'!F10 -> 6083264.5 | F15: =D15*$I$1 -> 0.45 | G15: =$I$2*D15 -> 1.5 | H15: =H14*1.09 -> 3528954 | I15: =(H15-E15)/(0.5*$D$1)-1 -> -1.5108621 | J15: =(I15-F15)/SQRT(G15) -> -1.6010372 | L15: =NORMSDIST(J15) -> 0.05468434
D16: =D15+1 -> 6 | E16: ='Q.1(iii)'!F11 -> 6326595.1 | F16: =D16*$I$1 -> 0.54 | G16: =$I$2*D16 -> 1.8 | H16: =H15*1.09 -> 3846559.9 | I16: =(H16-E16)/(0.5*$D$1)-1 -> -1.496007 | J16: =(I16-F16)/SQRT(G16) -> -1.51755 | L16: =NORMSDIST(J16) -> 0.064563934
D17: =D16+1 -> 7 | E17: ='Q.1(iii)'!F12 -> 6579658.9 | F17: =D17*$I$1 -> 0.63 | G17: =$I$2*D17 -> 2.1 | H17: =H16*1.09 -> 4192750.3 | I17: =(H17-E17)/(0.5*$D$1)-1 -> -1.4773817 | J17: =(I17-F17)/SQRT(G17) -> -1.4542315 | L17: =NORMSDIST(J17) -> 0.072941061
D18: =D17+1 -> 8 | E18: ='Q.1(iii)'!F13 -> 6842845.3 | F18: =D18*$I$1 -> 0.72 | G18: =$I$2*D18 -> 2.4 | H18: =H17*1.09 -> 4570097.8 | I18: =(H18-E18)/(0.5*$D$1)-1 -> -1.4545495 | J18: =(I18-F18)/SQRT(G18) -> -1.4036657 | L18: =NORMSDIST(J18) -> 0.080209216
D19: =D18+1 -> 9 | E19: ='Q.1(iii)'!F14 -> 7116559.1 | F19: =D19*$I$1 -> 0.81 | G19: =$I$2*D19 -> 2.7 | H19: =H18*1.09 -> 4981406.6 | I19: =(H19-E19)/(0.5*$D$1)-1 -> -1.4270305 | J19: =(I19-F19)/SQRT(G19) -> -1.3614134 | L19: =NORMSDIST(J19) -> 0.086691542
D20: =D19+1 -> 10 | E20: ='Q.1(iii)'!F15 -> 7401221.4 | F20: =D20*$I$1 -> 0.9 | G20: =$I$2*D20 -> 3 | H20: =H19*1.09 -> 5429733.2 | I20: =(H20-E20)/(0.5*$D$1)-1 -> -1.3942976 | J20: =(I20-F20)/SQRT(G20) -> -1.3246134 | L20: =NORMSDIST(J20) -> 0.092649711
D21: =D20+1 -> 11 | E21: ='Q.1(iii)'!F16 -> 7697270.3 | F21: =D21*$I$1 -> 0.99 | G21: =$I$2*D21 -> 3.3 | H21: =H20*1.09 -> 5918409.2 | I21: =(H21-E21)/(0.5*$D$1)-1 -> -1.3557722 | J21: =(I21-F21)/SQRT(G21) -> -1.2913051 | L21: =NORMSDIST(J21) -> 0.09829895
D22: =D21+1 -> 12 | E22: ='Q.1(iii)'!F17 -> 8005161.1 | F22: =D22*$I$1 -> 1.08 | G22: =$I$2*D22 -> 3.6 | H22: =H21*1.09 -> 6451066 | I22: =(H22-E22)/(0.5*$D$1)-1 -> -1.310819 | J22: =(I22-F22)/SQRT(G22) -> -1.2600723 | L22: =NORMSDIST(J22) -> 0.10382165
D23: =D22+1 -> 13 | E23: ='Q.1(iii)'!F18 -> 8325367.5 | F23: =D23*$I$1 -> 1.17 | G23: =$I$2*D23 -> 3.9 | H23: =H22*1.09 -> 7031662 | I23: =(H23-E23)/(0.5*$D$1)-1 -> -1.2587411 | J23: =(I23-F23)/SQRT(G23) -> -1.2298409 | L23: =NORMSDIST(J23) -> 0.10937835
... D25: =D24+1 -> 15 | E25: ='Q.1(iii)'!F20 -> 9004717.5 | F25: =D25*$I$1 -> 1.35 | G25: =$I$2*D25 -> 4.5 | H25: =H24*1.09 -> 8354317.6 | I25: =(H25-E25)/(0.5*$D$1)-1 -> -1.13008 | J25: =(I25-F25)/SQRT(G25) -> -1.1691209 | L25: =NORMSDIST(J25) -> 0.12117746
E27: 1 mark | F27: 1.5 marks | G27: 1.5 marks | H27: 2 marks | I27: 3 marks | J27: 3 marks | L27: 2 marks

Sheet Q.1(v)
E1: initial investment | F1: ='Q.1(iv)'!D1 -> 10000000 | J1: mean | K1: 0.75
E2: interest on deposits | F2: ='Q.1(iv)'!D2 -> 0.04 | J2: variance
E3: ruin probability | F3: ='Q.1(iv)'!D3 -> = prob ( U t < 50 * (1+ .09) ^ (t -1)* lakhs)
E6: Initial trigger | F6: ='Q.1(iv)'!D6 -> 2500000
E7: Payments received | F7: 500000
I8: Use as many columns as you need; feel free to insert more columns if necessary
F9: t | G9: Cumulative value of bank deposit | H9: Mu t | I9: Cumulative value of payment received till date | J9: Trigger | K9: Total investment value | L9: No. of loss events than can cause ruin | M9: Max number of loss events that can be withstood | N9: Prob of ruin
F10: 0 | G10: ='Q.1(iii)'!F5 -> 5000000 | H10: =$K$1*F10 -> 0
F11: 1 | G11: =G10*(1+$F$2) -> 5200000 | H11: =$K$1*F11 -> 0.75 | I11: =$F$7*F11 -> 500000 | J11: =$F$6 -> 2500000 | K11: =G11+I11+0.5*$F$1 -> 10700000 | L11: =(K11-J11)/800000 -> 10.25 | M11: =TRUNC(L11) -> 10 | N11: =1-POISSON(M11,H11,TRUE) -> 5.3294258e-10
F12: 2 | G12: =G11*(1+$F$2) -> 5408000 | H12: =$K$1*F12 -> 1.5 | I12: =$F$7*F12 -> 1000000 | J12: =J11*1.09 -> 2725000 | K12: =G12+I12+0.5*$F$1 -> 11408000 | L12: =(K12-J12)/800000 -> 10.85375 | M12: =TRUNC(L12) -> 10 | N12: =1-POISSON(M12,H12,TRUE) -> 5.5175324e-07
F13: 3 | G13: =G12*(1+$F$2) -> 5624320 | H13: =$K$1*F13 -> 2.25 | I13: =$F$7*F13 -> 1500000 | J13: =J12*1.09 -> 2970250 | K13: =G13+I13+0.5*$F$1 -> 12124320 | L13: =(K13-J13)/800000 -> 11.442588 | M13: =TRUNC(L13) -> 11 | N13: =1-POISSON(M13,H13,TRUE) -> 4.4662659e-06
F14: 4 | G14: =G13*(1+$F$2) -> 5849292.8 | H14: =$K$1*F14 -> 3 | I14: =$F$7*F14 -> 2000000 | J14: =J13*1.09 -> 3237572.5 | K14: =G14+I14+0.5*$F$1 -> 12849293 | L14: =(K14-J14)/800000 -> 12.01465 | M14: =TRUNC(L14) -> 12 | N14: =1-POISSON(M14,H14,TRUE) -> 1.6149049e-05
F15: 5 | G15: =G14*(1+$F$2) -> 6083264.5 | H15: =$K$1*F15 -> 3.75 | I15: =$F$7*F15 -> 2500000 | J15: =J14*1.09 -> 3528954 | K15: =G15+I15+0.5*$F$1 -> 13583265 | L15: =(K15-J15)/800000 -> 12.567888 | M15: =TRUNC(L15) -> 12 | N15: =1-POISSON(M15,H15,TRUE) -> 0.00014839555
F16: 6 | G16: =G15*(1+$F$2) -> 6326595.1 | H16: =$K$1*F16 -> 4.5 | I16: =$F$7*F16 -> 3000000 | J16: =J15*1.09 -> 3846559.9 | K16: =G16+I16+0.5*$F$1 -> 14326595 | L16: =(K16-J16)/800000 -> 13.100044 | M16: =TRUNC(L16) -> 13 | N16: =1-POISSON(M16,H16,TRUE) -> 0.00025158745
F17: 7 | G17: =G16*(1+$F$2) -> 6579658.9 | H17: =$K$1*F17 -> 5.25 | I17: =$F$7*F17 -> 3500000 | J17: =J16*1.09 -> 4192750.3 | K17: =G17+I17+0.5*$F$1 -> 15079659 | L17: =(K17-J17)/800000 -> 13.608636 | M17: =TRUNC(L17) -> 13 | N17: =1-POISSON(M17,H17,TRUE) -> 0.0011016601
F18: 8 | G18: =G17*(1+$F$2) -> 6842845.3 | H18: =$K$1*F18 -> 6 | I18: =$F$7*F18 -> 4000000 | J18: =J17*1.09 -> 4570097.8 | K18: =G18+I18+0.5*$F$1 -> 15842845 | L18: =(K18-J18)/800000 -> 14.090934 | M18: =TRUNC(L18) -> 14 | N18: =1-POISSON(M18,H18,TRUE) -> 0.0014003538
F19: 9 | G19: =G18*(1+$F$2) -> 7116559.1 | H19: =$K$1*F19 -> 6.75 | I19: =$F$7*F19 -> 4500000 | J19: =J18*1.09 -> 4981406.6 | K19: =G19+I19+0.5*$F$1 -> 16616559 | L19: =(K19-J19)/800000 -> 14.543941 | M19: =TRUNC(L19) -> 14 | N19: =1-POISSON(M19,H19,TRUE) -> 0.0041524213
F20: 10 | G20: =G19*(1+$F$2) -> 7401221.4 | H20: =$K$1*F20 -> 7.5 | I20: =$F$7*F20 -> 5000000 | J20: =J19*1.09 -> 5429733.2 | K20: =G20+I20+0.5*$F$1 -> 17401221 | L20: =(K20-J20)/800000 -> 14.96436 | M20: =TRUNC(L20) -> 14 | N20: =1-POISSON(M20,H20,TRUE) -> 0.010260428
F21: 11 | G21: =G20*(1+$F$2) -> 7697270.3 | H21: =$K$1*F21 -> 8.25 | I21: =$F$7*F21 -> 5500000 | J21: =J20*1.09 -> 5918409.2 | K21: =G21+I21+0.5*$F$1 -> 18197270 | L21: =(K21-J21)/800000 -> 15.348576 | M21: =TRUNC(L21) -> 15 | N21: =1-POISSON(M21,H21,TRUE) -> 0.010746953
F22: 12 | G22: =G21*(1+$F$2) -> 8005161.1 | H22: =$K$1*F22 -> 9 | I22: =$F$7*F22 -> 6000000 | J22: =J21*1.09 -> 6451066 | K22: =G22+I22+0.5*$F$1 -> 19005161 | L22: =(K22-J22)/800000 -> 15.692619 | M22: =TRUNC(L22) -> 15 | N22: =1-POISSON(M22,H22,TRUE) -> 0.022035659
F23: 13 | G23: =G22*(1+$F$2) -> 8325367.5 | H23: =$K$1*F23 -> 9.75 | I23: =$F$7*F23 -> 6500000 | J23: =J22*1.09 -> 7031662 | K23: =G23+I23+0.5*$F$1 -> 19825368 | L23: =(K23-J23)/800000 -> 15.992132 | M23: =TRUNC(L23) -> 15 | N23: =1-POISSON(M23,H23,TRUE) -> 0.040593932
... F25: 15 | G25: =G24*(1+$F$2) -> 9004717.5 | H25: =$K$1*F25 -> 11.25 | I25: =$F$7*F25 -> 7500000 | J25: =J24*1.09 -> 8354317.6 | K25: =G25+I25+0.5*$F$1 -> 21504718 | L25: =(K25-J25)/800000 -> 16.438 | M25: =TRUNC(L25) -> 16 | N25: =1-POISSON(M25,H25,TRUE) -> 0.065621981
H27: 1 mark | I27: 2 mark | K27: 2 mark | L27: 2 mark | M27: 1 mark | N27: 2 marks

Sheet Q.1(vi)
B2: Consultant A | C2: Consultant B
A3: Time period
A4: ='Q.1(iv)'!D10 -> 0
A5: ='Q.1(iv)'!D11 -> 1 | B5: ='Q.1(iv)'!L11 -> 0.0014603684 | C5: ='Q.1(v)'!N11 -> 5.3294258e-10
A6: ='Q.1(iv)'!D12 -> 2 | B6: ='Q.1(iv)'!L12 -> 0.013341606 | C6: ='Q.1(v)'!N12 -> 5.5175324e-07
A7: ='Q.1(iv)'!D13 -> 3 | B7: ='Q.1(iv)'!L13 -> 0.028833249 | C7: ='Q.1(v)'!N13 -> 4.4662659e-06
A8: ='Q.1(iv)'!D14 -> 4 | B8: ='Q.1(iv)'!L14 -> 0.042867567 | C8: ='Q.1(v)'!N14 -> 1.6149049e-05
A9: ='Q.1(iv)'!D15 -> 5 | B9: ='Q.1(iv)'!L15 -> 0.05468434 | C9: ='Q.1(v)'!N15 -> 0.00014839555
A10: ='Q.1(iv)'!D16 -> 6 | B10: ='Q.1(iv)'!L16 -> 0.064563934 | C10: ='Q.1(v)'!N16 -> 0.00025158745
A11: ='Q.1(iv)'!D17 -> 7 | B11: ='Q.1(iv)'!L17 -> 0.072941061 | C11: ='Q.1(v)'!N17 -> 0.0011016601
A12: ='Q.1(iv)'!D18 -> 8 | B12: ='Q.1(iv)'!L18 -> 0.080209216 | C12: ='Q.1(v)'!N18 -> 0.0014003538
A13: ='Q.1(iv)'!D19 -> 9 | B13: ='Q.1(iv)'!L19 -> 0.086691542 | C13: ='Q.1(v)'!N19 -> 0.0041524213
A14: ='Q.1(iv)'!D20 -> 10 | B14: ='Q.1(iv)'!L20 -> 0.092649711 | C14: ='Q.1(v)'!N20 -> 0.010260428
A15: ='Q.1(iv)'!D21 -> 11 | B15: ='Q.1(iv)'!L21 -> 0.09829895 | C15: ='Q.1(v)'!N21 -> 0.010746953
A16: ='Q.1(iv)'!D22 -> 12 | B16: ='Q.1(iv)'!L22 -> 0.10382165 | C16: ='Q.1(v)'!N22 -> 0.022035659
... A19: ='Q.1(iv)'!D25 -> 15 | B19: ='Q.1(iv)'!L25 -> 0.12117746 | C19: ='Q.1(v)'!N25 -> 0.065621981
H21: 2 marks for chart
B24: Decision: The couple should choose consultant B because of lower probability of ruin. | K24: 1 marks for decision

Sheet Q.2 Data
A2: μ | B2: 0.051 | C2: σ2 | D2: 0.0039
A3: σ | B3: =SQRT(D2) -> 0.06244998
B5: t
A6: Simulation | B6: 1 | C6: 2 | D6: 3 | E6: 4 | F6: 5 | G6: 6 | H6: 7 | I6: 8 | J6: 9 | K6: 10 | L6: =K6+1 -> 11 | M6: =L6+1 -> 12 | N6: =M6+1 -> 13 | O6: =N6+1 -> 14 | P6: =O6+1 -> 15 | Q6: =P6+1 -> 16 | R6: =Q6+1 -> 17 | S6: =R6+1 -> 18 | ... U6: =T6+1 -> 20
A7: 1 | B7: 0.003086111 | C7: 0.030489114 | D7: 0.023717432 | E7: 0.027560047 | F7: 0.026635556 | G7: 0.040591596 | H7: 0.018506381 | I7: 0.10476535 | J7: -0.054787989 | K7: 0.072433553 | L7: 0.050736972 | M7: 0.0945178 | N7: 0.096682751 | O7: 0.010242208 | P7: -0.026471894 | Q7: 0.17769197 | R7: 0.061300045 | S7: -0.012658487 | T7: 0.073968755 | U7: 0.097957248
A8: 2 | B8: 0.065735477 | C8: -0.046547686 | D8: -0.10054427 | E8: 0.089380056 | F8: -0.068746189 | G8: 0.024269494 | H8: 0.089234562 | I8: -0.045682028 | J8: 0.024451967 | K8: 0.079612753 | L8: 0.11521269 | M8: -0.024288809 | N8: 0.063481787 | O8: 0.00060887678 | P8: 0.12207374 | Q8: 0.066849829 | R8: 0.0087090885 | S8: 0.18779693 | T8: 0.15405033 | U8: 0.10668804
A9: 3 | B9: 0.1665551 | C9: 0.01630814 | D9: 0.01763226 | E9: 0.04243835 | F9: 0.15914475 | G9: -0.070409616 | H9: 0.0041573963 | I9: 0.11425685 | J9: 0.071122814 | K9: 0.027678618 | L9: -0.010886363 | M9: -0.044782304 | N9: 0.024664758 | O9: 0.013028216 | P9: 0.15782726 | Q9: 0.053044872 | R9: 0.067785838 | S9: 0.11304505 | T9: 0.036938248 | U9: 0.075543928
A10: 4 | B10: 0.15571465 | C10: 0.16879046 | D10: 0.11050816 | E10: 0.039456622 | F10: 0.0011314609 | G10: 0.061461355 | H10: 0.15861827 | I10: 0.018123522 | J10: 0.031937376 | K10: 0.072476064 | L10: 0.061285202 | M10: -0.0063457867 | N10: 0.12873004 | O10: 0.11410103 | P10: 0.086067752 | Q10: -0.032518846 | R10: 0.13797402 | S10: 0.10580575 | T10: 0.15972809 | U10: 0.096269387
A11: 5 | B11: 0.00060156575 | C11: 0.092664748 | D11: -0.0097695595 | E11: 0.11394455 | F11: 0.17458222 | G11: 0.015611302 | H11: 0.19816257 | I11: 0.014610041 | J11: 0.078810864 | K11: 0.075424355 | L11: -0.040123029 | M11: 0.051161889 | N11: -0.029010786 | O11: 0.059820075 | P11: -0.002711199 | Q11: 0.073827819 | R11: 0.0074405853 | S11: 0.15483361 | T11: 0.048677819 | U11: 0.025752916
A12: 6 | B12: 0.057064068 | C12: -0.058245315 | D12: 0.020723756 | E12: 0.059961044 | F12: 0.043038961 | G12: -0.048330167 | H12: 0.19895071 | I12: -0.080631296 | J12: -0.055748883 | K12: 0.10550799 | L12: 0.10621892 | M12: -0.031886305 | N12: 0.039819065 | O12: -0.0049613387 | P12: 0.11603682 | Q12: -0.036479735 | R12: 0.044417651 | S12: 0.032295567 | T12: 0.0095900466 | U12: 0.10072031
A13: 7 | B13: 0.17571639 | C13: 0.06293299 | D13: -0.042361016 | E13: 0.038521428 | F13: 0.10474051 | G13: 0.15852063 | H13: 0.08179193 | I13: -0.010738764 | J13: 0.068026706 | K13: 0.057016941 | L13: -0.10550212 | M13: -0.068108333 | N13: 0.024599363 | O13: -0.093146122 | P13: 0.078053391 | Q13: 0.062369223 | R13: 0.11413633 | S13: 0.037179116 | T13: 0.077938026 | U13: -0.06547964
A14: 8 | B14: -0.071439755 | C14: 0.075068999 | D14: -0.029295082 | E14: 0.017435033 | F14: 0.017320152 | G14: -0.025338011 | H14: 0.020576997 | I14: 0.18904165 | J14: 0.0039818499 | K14: -0.025933368 | L14: 0.067915681 | M14: -0.016346985 | N14: 0.086725426 | O14: 0.01276325 | P14: 0.023382986 | Q14: 0.070101049 | R14: 0.11449013 | S14: 0.17520346 | T14: 0.034745039 | U14: 0.065473563
A15: 9 | B15: 0.073138579 | C15: -0.07251904 | D15: 0.050957893 | E15: -0.03209352 | F15: -0.035818555 | G15: 0.15046455 | H15: 0.050780512 | I15: -0.075196403 | J15: 0.23344164 | K15: 0.0018560213 | L15: -0.011553534 | M15: 0.04675418 | N15: 0.19492261 | O15: 0.02634243 | P15: 0.06691354 | Q15: 0.038239051 | R15: -0.027053207 | S15: -0.020850613 | T15: 0.051235257 | U15: 0.13869166
A16: 10 | B16: -0.030272082 | C16: -0.11382861 | D16: 0.00093448742 | E16: 0.031215249 | F16: 0.083204712 | G16: 0.028738721 | H16: 0.20908693 | I16: -0.0088754782 | J16: 0.23525823 | K16: 0.0168255 | L16: 0.095974926 | M16: 0.081188509 | N16: 0.019950177 | O16: -0.0049288183 | P16: 0.10014252 | Q16: -0.066975224 | R16: 0.20223221 | S16: 0.2061723 | T16: 0.097990802 | U16: 0.0032690866
A17: 11 | B17: 0.057179662 | C17: 0.0095102766 | D17: 0.15833115 | E17: -0.063264093 | F17: 0.15259694 | G17: 0.15700726 | H17: 0.046442023 | I17: 0.13791946 | J17: 0.045631704 | K17: 0.10813776 | L17: 0.032293225 | M17: -0.015873823 | N17: 0.046690544 | O17: 0.041523767 | P17: -0.058294772 | Q17: 0.083782932 | R17: -0.013421411 | S17: 0.087488852 | T17: 0.17047436 | U17: 0.15577651
A18: 12 | B18: 0.043695446 | C18: 0.0097372676 | D18: 0.1617845 | E18: 0.060857059 | F18: 0.041436901 | G18: -0.007202016 | H18: 0.16492976 | I18: -0.0007121616 | J18: 0.029852223 | K18: -0.051776055 | L18: -0.039716124 | M18: 0.071781815 | N18: -0.029285937 | O18: 0.079613248 | P18: -0.052157246 | Q18: -0.0050188574 | R18: 0.045495998 | S18: 0.043530084 | T18: 0.12152826 | U18: 0.05255828
... A106: 100 | B106: 0.08614321 | C106: 0.056912147 | D106: 0.071721019 | E106: 0.048191258 | F106: 0.14097405 | G106: 0.094131603 | H106: 0.070654452 | I106: 0.061323011 | J106: 0.0051720575 | K106: 0.028381427 | L106: -0.014894581 | M106: 0.014135628 | N106: -0.0015683899 | O106: 0.041218847 | P106: 0.056609004 | Q106: 0.14333238 | R106: 0.045406353 | S106: -0.065063506 | T106: 0.0084236991 | U106: 0.13548341

Sheet Q.2(i) 
B3: Due to the compounding effect of investment returns, the accumulated value of an investment bond grows multiplicatively. Lognormal variables has multiplicative property such that the new variable is also lognormal variable | C3: 1
B5: A lognormal random variable can take any positive value | C5: 1
C6: [2]

Sheet Q.2(ii) 
B2: Expected Value of (1+i) | C2: =EXP(_mu+0.5*(_sd)^2) -> 1.0543769 | D2: 2
B3: Expected Value of i = j | C3: =C2-1 -> 0.054376925
B4: Expected Value of Accumulation of 1 pa after 20 years at rate j | C4: =(((1+C3)^20-1)*(1+C3))/C3 -> 36.521084 | D4: 2
B5: Expected Accumulated Value of fund at t=20 | C5: =C4*4500 -> 164344.88 | D5: 1

Sheet Q.2(iii)
A2: Expected value of fund at t=20 | B2: =AVERAGE(U7:U106) -> 159451.61 | C2: [1]
A3: Invested Amount | B3: 4500
B5: t
A6: Simulation | B6: 1 | C6: 2 | D6: 3 | E6: 4 | F6: 5 | G6: 6 | H6: 7 | I6: 8 | J6: 9 | K6: 10 | L6: =K6+1 -> 11 | M6: =L6+1 -> 12 | N6: =M6+1 -> 13 | O6: =N6+1 -> 14 | P6: =O6+1 -> 15 | Q6: =P6+1 -> 16 | R6: =Q6+1 -> 17 | S6: =R6+1 -> 18 | ... U6: =T6+1 -> 20
A7: 1 | B7: =amnt*(1+'Q.2 Data'!B7) -> 4513.8875 | C7: =(amnt+B7)*(1+'Q.2 Data'!C7) -> 9288.7129 | D7: =(amnt+C7)*(1+'Q.2 Data'!D7) -> 14115.746 | E7: =(amnt+D7)*(1+'Q.2 Data'!E7) -> 19128.797 | F7: =(amnt+E7)*(1+'Q.2 Data'!F7) -> 24258.163 | G7: =(amnt+F7)*(1+'Q.2 Data'!G7) -> 29925.502 | H7: =(amnt+G7)*(1+'Q.2 Data'!H7) -> 35062.594 | I7: =(amnt+H7)*(1+'Q.2 Data'!I7) -> 43707.383 | J7: =(amnt+I7)*(1+'Q.2 Data'!J7) -> 45566.197 | ... U7: =(amnt+T7)*(1+'Q.2 Data'!U7) -> 160243.15 | W7: [1] for time t=1
A8: 2 | B8: =amnt*(1+'Q.2 Data'!B8) -> 4795.8096 | C8: =(amnt+B8)*(1+'Q.2 Data'!C8) -> 8863.1112 | D8: =(amnt+C8)*(1+'Q.2 Data'!D8) -> 12019.527 | E8: =(amnt+D8)*(1+'Q.2 Data'!E8) -> 17996.043 | F8: =(amnt+E8)*(1+'Q.2 Data'!F8) -> 20949.526 | G8: =(amnt+F8)*(1+'Q.2 Data'!G8) -> 26067.173 | H8: =(amnt+G8)*(1+'Q.2 Data'!H8) -> 33294.821 | I8: =(amnt+H8)*(1+'Q.2 Data'!I8) -> 36068.277 | J8: =(amnt+I8)*(1+'Q.2 Data'!J8) -> 41560.251 | ... U8: =(amnt+T8)*(1+'Q.2 Data'!U8) -> 180628.48 | W8: [1] for times t=2, …, 10
A9: 3 | B9: =amnt*(1+'Q.2 Data'!B9) -> 5249.498 | C9: =(amnt+B9)*(1+'Q.2 Data'!C9) -> 9908.4941 | D9: =(amnt+C9)*(1+'Q.2 Data'!D9) -> 14662.548 | E9: =(amnt+D9)*(1+'Q.2 Data'!E9) -> 19975.775 | F9: =(amnt+E9)*(1+'Q.2 Data'!F9) -> 28370.967 | G9: =(amnt+F9)*(1+'Q.2 Data'!G9) -> 30556.534 | H9: =(amnt+G9)*(1+'Q.2 Data'!H9) -> 35202.278 | I9: =(amnt+H9)*(1+'Q.2 Data'!I9) -> 44238.536 | J9: =(amnt+I9)*(1+'Q.2 Data'!J9) -> 52204.957 | ... U9: =(amnt+T9)*(1+'Q.2 Data'!U9) -> 156585.55
A10: 4 | B10: =amnt*(1+'Q.2 Data'!B10) -> 5200.7159 | C10: =(amnt+B10)*(1+'Q.2 Data'!C10) -> 11338.104 | D10: =(amnt+C10)*(1+'Q.2 Data'!D10) -> 17588.344 | E10: =(amnt+D10)*(1+'Q.2 Data'!E10) -> 22959.875 | F10: =(amnt+E10)*(1+'Q.2 Data'!F10) -> 27490.945 | G10: =(amnt+F10)*(1+'Q.2 Data'!G10) -> 33957.152 | H10: =(amnt+G10)*(1+'Q.2 Data'!H10) -> 44557.159 | I10: =(amnt+H10)*(1+'Q.2 Data'!I10) -> 49946.247 | J10: =(amnt+I10)*(1+'Q.2 Data'!J10) -> 56185.118 | ... U10: =(amnt+T10)*(1+'Q.2 Data'!U10) -> 221224.99
A11: 5 | B11: =amnt*(1+'Q.2 Data'!B11) -> 4502.707 | C11: =(amnt+B11)*(1+'Q.2 Data'!C11) -> 9836.9406 | D11: =(amnt+C11)*(1+'Q.2 Data'!D11) -> 14196.875 | E11: =(amnt+D11)*(1+'Q.2 Data'!E11) -> 20827.282 | F11: =(amnt+E11)*(1+'Q.2 Data'!F11) -> 29748.975 | G11: =(amnt+F11)*(1+'Q.2 Data'!G11) -> 34783.646 | H11: =(amnt+G11)*(1+'Q.2 Data'!H11) -> 47068.195 | I11: =(amnt+H11)*(1+'Q.2 Data'!I11) -> 52321.608 | J11: =(amnt+I11)*(1+'Q.2 Data'!J11) -> 61299.768 | ... U11: =(amnt+T11)*(1+'Q.2 Data'!U11) -> 156613.47
A12: 6 | B12: =amnt*(1+'Q.2 Data'!B12) -> 4756.7883 | C12: =(amnt+B12)*(1+'Q.2 Data'!C12) -> 8717.6238 | D12: =(amnt+C12)*(1+'Q.2 Data'!D12) -> 13491.543 | E12: =(amnt+D12)*(1+'Q.2 Data'!E12) -> 19070.334 | F12: =(amnt+E12)*(1+'Q.2 Data'!F12) -> 24584.777 | G12: =(amnt+F12)*(1+'Q.2 Data'!G12) -> 27679.105 | H12: =(amnt+G12)*(1+'Q.2 Data'!H12) -> 38581.161 | I12: =(amnt+H12)*(1+'Q.2 Data'!I12) -> 39607.471 | J12: =(amnt+I12)*(1+'Q.2 Data'!J12) -> 41648.529 | ... U12: =(amnt+T12)*(1+'Q.2 Data'!U12) -> 128331.67
A13: 7 | B13: =amnt*(1+'Q.2 Data'!B13) -> 5290.7237 | C13: =(amnt+B13)*(1+'Q.2 Data'!C13) -> 10406.883 | D13: =(amnt+C13)*(1+'Q.2 Data'!D13) -> 14275.413 | E13: =(amnt+D13)*(1+'Q.2 Data'!E13) -> 19498.668 | F13: =(amnt+E13)*(1+'Q.2 Data'!F13) -> 26512.301 | G13: =(amnt+F13)*(1+'Q.2 Data'!G13) -> 35928.39 | H13: =(amnt+G13)*(1+'Q.2 Data'!H13) -> 43735.107 | I13: =(amnt+H13)*(1+'Q.2 Data'!I13) -> 47717.121 | J13: =(amnt+I13)*(1+'Q.2 Data'!J13) -> 55769.28 | ... U13: =(amnt+T13)*(1+'Q.2 Data'!U13) -> 116880.45
A14: 8 | B14: =amnt*(1+'Q.2 Data'!B14) -> 4178.5211 | C14: =(amnt+B14)*(1+'Q.2 Data'!C14) -> 9330.009 | D14: =(amnt+C14)*(1+'Q.2 Data'!D14) -> 13424.858 | E14: =(amnt+D14)*(1+'Q.2 Data'!E14) -> 18237.378 | F14: =(amnt+E14)*(1+'Q.2 Data'!F14) -> 23131.193 | G14: =(amnt+F14)*(1+'Q.2 Data'!G14) -> 26931.074 | H14: =(amnt+G14)*(1+'Q.2 Data'!H14) -> 32077.831 | I14: =(amnt+H14)*(1+'Q.2 Data'!I14) -> 43492.564 | J14: =(amnt+I14)*(1+'Q.2 Data'!J14) -> 48183.663 | ... U14: =(amnt+T14)*(1+'Q.2 Data'!U14) -> 160944.57
A15: 9 | B15: =amnt*(1+'Q.2 Data'!B15) -> 4829.1236 | C15: =(amnt+B15)*(1+'Q.2 Data'!C15) -> 8652.5845 | D15: =(amnt+C15)*(1+'Q.2 Data'!D15) -> 13822.813 | E15: =(amnt+D15)*(1+'Q.2 Data'!E15) -> 17734.769 | F15: =(amnt+E15)*(1+'Q.2 Data'!F15) -> 21438.352 | G15: =(amnt+F15)*(1+'Q.2 Data'!G15) -> 29841.154 | H15: =(amnt+G15)*(1+'Q.2 Data'!H15) -> 36085.016 | I15: =(amnt+H15)*(1+'Q.2 Data'!I15) -> 37533.168 | J15: =(amnt+I15)*(1+'Q.2 Data'!J15) -> 51845.46 | ... U15: =(amnt+T15)*(1+'Q.2 Data'!U15) -> 149727.21
A16: 10 | B16: =amnt*(1+'Q.2 Data'!B16) -> 4363.7756 | C16: =(amnt+B16)*(1+'Q.2 Data'!C16) -> 7854.8244 | D16: =(amnt+C16)*(1+'Q.2 Data'!D16) -> 12366.37 | E16: =(amnt+D16)*(1+'Q.2 Data'!E16) -> 17392.858 | F16: =(amnt+E16)*(1+'Q.2 Data'!F16) -> 23714.447 | G16: =(amnt+F16)*(1+'Q.2 Data'!G16) -> 29025.294 | H16: =(amnt+G16)*(1+'Q.2 Data'!H16) -> 40534.995 | I16: =(amnt+H16)*(1+'Q.2 Data'!I16) -> 44635.288 | J16: =(amnt+I16)*(1+'Q.2 Data'!J16) -> 60694.768 | ... U16: =(amnt+T16)*(1+'Q.2 Data'!U16) -> 199248.15
A17: 11 | B17: =amnt*(1+'Q.2 Data'!B17) -> 4757.3085 | C17: =(amnt+B17)*(1+'Q.2 Data'!C17) -> 9345.348 | D17: =(amnt+C17)*(1+'Q.2 Data'!D17) -> 16037.498 | E17: =(amnt+D17)*(1+'Q.2 Data'!E17) -> 19238.212 | F17: =(amnt+E17)*(1+'Q.2 Data'!F17) -> 27360.59 | G17: =(amnt+F17)*(1+'Q.2 Data'!G17) -> 36862.934 | H17: =(amnt+G17)*(1+'Q.2 Data'!H17) -> 43283.913 | I17: =(amnt+H17)*(1+'Q.2 Data'!I17) -> 54374.244 | J17: =(amnt+I17)*(1+'Q.2 Data'!J17) -> 61560.776 | ... U17: =(amnt+T17)*(1+'Q.2 Data'!U17) -> 187024.42
A18: 12 | B18: =amnt*(1+'Q.2 Data'!B18) -> 4696.6295 | C18: =(amnt+B18)*(1+'Q.2 Data'!C18) -> 9286.1795 | D18: =(amnt+C18)*(1+'Q.2 Data'!D18) -> 16016.57 | E18: =(amnt+D18)*(1+'Q.2 Data'!E18) -> 21765.148 | F18: =(amnt+E18)*(1+'Q.2 Data'!F18) -> 27353.494 | G18: =(amnt+F18)*(1+'Q.2 Data'!G18) -> 31624.085 | H18: =(amnt+G18)*(1+'Q.2 Data'!H18) -> 42082.021 | I18: =(amnt+H18)*(1+'Q.2 Data'!I18) -> 46548.848 | J18: =(amnt+I18)*(1+'Q.2 Data'!J18) -> 52572.769 | ... U18: =(amnt+T18)*(1+'Q.2 Data'!U18) -> 127182.35
A19: 13 | B19: =amnt*(1+'Q.2 Data'!B19) -> 4730.228 | C19: =(amnt+B19)*(1+'Q.2 Data'!C19) -> 9504.3977 | D19: =(amnt+C19)*(1+'Q.2 Data'!D19) -> 16072.497 | E19: =(amnt+D19)*(1+'Q.2 Data'!E19) -> 24990.158 | F19: =(amnt+E19)*(1+'Q.2 Data'!F19) -> 33675.461 | G19: =(amnt+F19)*(1+'Q.2 Data'!G19) -> 38622.035 | H19: =(amnt+G19)*(1+'Q.2 Data'!H19) -> 49691.779 | I19: =(amnt+H19)*(1+'Q.2 Data'!I19) -> 55037.245 | J19: =(amnt+I19)*(1+'Q.2 Data'!J19) -> 59263.057 | ... U19: =(amnt+T19)*(1+'Q.2 Data'!U19) -> 187825.62
A20: 14 | B20: =amnt*(1+'Q.2 Data'!B20) -> 5112.0511 | C20: =(amnt+B20)*(1+'Q.2 Data'!C20) -> 9482.7526 | D20: =(amnt+C20)*(1+'Q.2 Data'!D20) -> 12985.777 | E20: =(amnt+D20)*(1+'Q.2 Data'!E20) -> 17452.127 | F20: =(amnt+E20)*(1+'Q.2 Data'!F20) -> 22368.053 | G20: =(amnt+F20)*(1+'Q.2 Data'!G20) -> 28645.121 | H20: =(amnt+G20)*(1+'Q.2 Data'!H20) -> 32427.85 | I20: =(amnt+H20)*(1+'Q.2 Data'!I20) -> 39812.787 | J20: =(amnt+I20)*(1+'Q.2 Data'!J20) -> 43626.289 | ... U20: =(amnt+T20)*(1+'Q.2 Data'!U20) -> 101802.29
... A106: 100 | B106: =amnt*(1+'Q.2 Data'!B106) -> 4887.6444 | C106: =(amnt+B106)*(1+'Q.2 Data'!C106) -> 9921.9154 | D106: =(amnt+C106)*(1+'Q.2 Data'!D106) -> 15456.27 | E106: =(amnt+D106)*(1+'Q.2 Data'!E106) -> 20917.988 | F106: =(amnt+E106)*(1+'Q.2 Data'!F106) -> 29001.264 | G106: =(amnt+F106)*(1+'Q.2 Data'!G106) -> 36654.792 | H106: =(amnt+G106)*(1+'Q.2 Data'!H106) -> 44062.561 | I106: =(amnt+H106)*(1+'Q.2 Data'!I106) -> 51540.564 | J106: =(amnt+I106)*(1+'Q.2 Data'!J106) -> 56330.409 | ... U106: =(amnt+T106)*(1+'Q.2 Data'!U106) -> 145190.7

Sheet Q.2(iv)
B2: Comments:
B3: The value based on 100 simulations is close to the calculated value for mean | M3: [1]
B4: They are not exactly the same because the simulations are random | M4: [1]
B5: The mean is a little lower… | M5: [0.5]
B6: …which is just a result of the simulated returns | M6: [0.5]
B7: Using a different set of simulations would give different answers | M7: [0.5]
B8: And using more simulations would be expected to give answers closer to the theoretical ones | M8: [0.5]
M9: Plus [0.5] for any other valid comments
M10: Max [3]

Sheet Q.2(v)
C2: 3
B3: Value | C3: Cumulative probability | F3: Chart:
B4: 100000 | C4: =COUNTIF('Q.2(iii)'!$U$7:$U$106,">="&'Q.2(v)'!B4)/100 -> 0.99
B5: 105000 | C5: =COUNTIF('Q.2(iii)'!$U$7:$U$106,">="&'Q.2(v)'!B5)/100 -> 0.96
B6: 110000 | C6: =COUNTIF('Q.2(iii)'!$U$7:$U$106,">="&'Q.2(v)'!B6)/100 -> 0.95
B7: 115000 | C7: =COUNTIF('Q.2(iii)'!$U$7:$U$106,">="&'Q.2(v)'!B7)/100 -> 0.94
B8: 120000 | C8: =COUNTIF('Q.2(iii)'!$U$7:$U$106,">="&'Q.2(v)'!B8)/100 -> 0.92
B9: 125000 | C9: =COUNTIF('Q.2(iii)'!$U$7:$U$106,">="&'Q.2(v)'!B9)/100 -> 0.88
B10: 130000 | C10: =COUNTIF('Q.2(iii)'!$U$7:$U$106,">="&'Q.2(v)'!B10)/100 -> 0.8
B11: 135000 | C11: =COUNTIF('Q.2(iii)'!$U$7:$U$106,">="&'Q.2(v)'!B11)/100 -> 0.77
B12: 140000 | C12: =COUNTIF('Q.2(iii)'!$U$7:$U$106,">="&'Q.2(v)'!B12)/100 -> 0.75
B13: 145000 | C13: =COUNTIF('Q.2(iii)'!$U$7:$U$106,">="&'Q.2(v)'!B13)/100 -> 0.67
B14: 150000 | C14: =COUNTIF('Q.2(iii)'!$U$7:$U$106,">="&'Q.2(v)'!B14)/100 -> 0.59
B15: 155000 | C15: =COUNTIF('Q.2(iii)'!$U$7:$U$106,">="&'Q.2(v)'!B15)/100 -> 0.51
... B21: 185000 | C21: =COUNTIF('Q.2(iii)'!$U$7:$U$106,">="&'Q.2(v)'!B21)/100 -> 0.19
B22: 190000 | C22: =COUNTIF('Q.2(iii)'!$U$7:$U$106,">="&'Q.2(v)'!B22)/100 -> 0.14 | F22: [2] for chart
B23: 195000 | C23: =COUNTIF('Q.2(iii)'!$U$7:$U$106,">="&'Q.2(v)'!B23)/100 -> 0.11 | F23: [1] for format and labels
B24: 200000 | C24: =COUNTIF('Q.2(iii)'!$U$7:$U$106,">="&'Q.2(v)'!B24)/100 -> 0.09
B25: 205000 | C25: =COUNTIF('Q.2(iii)'!$U$7:$U$106,">="&'Q.2(v)'!B25)/100 -> 0.09
B26: 210000 | C26: =COUNTIF('Q.2(iii)'!$U$7:$U$106,">="&'Q.2(v)'!B26)/100 -> 0.08 | F26: Comments:
B27: 215000 | C27: =COUNTIF('Q.2(iii)'!$U$7:$U$106,">="&'Q.2(v)'!B27)/100 -> 0.07 | F27: The chart looks roughly like the CDF of a distribution, as expected | Q27: [1]
B28: 220000 | C28: =COUNTIF('Q.2(iii)'!$U$7:$U$106,">="&'Q.2(v)'!B28)/100 -> 0.05 | F28: The chart is a bit 'bumpy' | Q28: [0.5]
B29: 225000 | C29: =COUNTIF('Q.2(iii)'!$U$7:$U$106,">="&'Q.2(v)'!B29)/100 -> 0.02 | F29: Because we are using simulated data | Q29: [0.5]
B30: 230000 | C30: =COUNTIF('Q.2(iii)'!$U$7:$U$106,">="&'Q.2(v)'!B30)/100 -> 0.02 | F30: Using more simulations would be expected to give a smoother chart | Q30: [0.5]
B31: 235000 | C31: =COUNTIF('Q.2(iii)'!$U$7:$U$106,">="&'Q.2(v)'!B31)/100 -> 0.02 | F31: Using a different set of simulations would give different answers | Q31: [0.5]
B32: 240000 | C32: =COUNTIF('Q.2(iii)'!$U$7:$U$106,">="&'Q.2(v)'!B32)/100 -> 0.02 | Q32: Plus [0.5] for any other valid comments
B33: 245000 | C33: =COUNTIF('Q.2(iii)'!$U$7:$U$106,">="&'Q.2(v)'!B33)/100 -> 0.02 | Q33: Max [3]
B34: 250000 | C34: =COUNTIF('Q.2(iii)'!$U$7:$U$106,">="&'Q.2(v)'!B34)/100 -> 0.02
B35: 255000 | C35: =COUNTIF('Q.2(iii)'!$U$7:$U$106,">="&'Q.2(v)'!B35)/100 -> 0.01
B36: 260000 | C36: =COUNTIF('Q.2(iii)'!$U$7:$U$106,">="&'Q.2(v)'!B36)/100 -> 0.01
B37: 265000 | C37: =COUNTIF('Q.2(iii)'!$U$7:$U$106,">="&'Q.2(v)'!B37)/100 -> 0.01
B38: 270000 | C38: =COUNTIF('Q.2(iii)'!$U$7:$U$106,">="&'Q.2(v)'!B38)/100 -> 0.01
B39: 275000 | C39: =COUNTIF('Q.2(iii)'!$U$7:$U$106,">="&'Q.2(v)'!B39)/100 -> 0.01
B40: 280000 | C40: =COUNTIF('Q.2(iii)'!$U$7:$U$106,">="&'Q.2(v)'!B40)/100 -> 0.01
B41: 285000 | C41: =COUNTIF('Q.2(iii)'!$U$7:$U$106,">="&'Q.2(v)'!B41)/100 -> 0.01
B42: 290000 | C42: =COUNTIF('Q.2(iii)'!$U$7:$U$106,">="&'Q.2(v)'!B42)/100 -> 0
B43: 295000 | C43: =COUNTIF('Q.2(iii)'!$U$7:$U$106,">="&'Q.2(v)'!B43)/100 -> 0
B44: 300000 | C44: =COUNTIF('Q.2(iii)'!$U$7:$U$106,">="&'Q.2(v)'!B44)/100 -> 0

Sheet 3.Data
D1: data for part (i)
C3: duration | D3: spot rates applicable for the next one year
C5: 1 | D5: 0.052
C6: =C5+1 -> 2 | D6: =D5-0.001 -> 0.051
C7: =C6+1 -> 3 | D7: =D6-0.001 -> 0.05
C8: =C7+1 -> 4 | D8: =D7-0.001 -> 0.049
C9: =C8+1 -> 5 | D9: =D8-0.001 -> 0.048
D13: data for part (iii)
C14: simulation | D14: 1 | E14: =D14+1 -> 2 | F14: =E14+1 -> 3 | G14: =F14+1 -> 4 | H14: =G14+1 -> 5
C15: 1 | D15: 0.91 | E15: 0.38 | F15: 0.461 | G15: 0.711 | H15: 0.426
C16: 2 | D16: 0.574 | E16: 0.229 | F16: 0.718 | G16: 0.083 | H16: 0.962
C17: 3 | D17: 0.075 | E17: 0.636 | F17: 0.289 | G17: 0.396 | H17: 0.451
C18: 4 | D18: 0.18 | E18: 0.566 | F18: 0.496 | G18: 0.565 | H18: 0.249
C19: 5 | D19: 0.481 | E19: 0.226 | F19: 0.163 | G19: 0.046 | H19: 0.9

Sheet Q.3(i)
E1: investment p a | F1: 100000
I3: method 1 | L3: method 2
D4: =[5]input!C3 -> duration | E4: =[5]input!D3 -> spot rates applicable for the next one year | F4: intermediate_calculation_1 | G4: forward rates | H4: investment | I4: maturity amout | L4: maturity amout
H5: =$F$1 -> 100000 | I5: =H5 -> 100000 | K5: or | L5: =H5*$F$10 -> 126417.27
D6: =[5]input!C5 -> 1 | E6: ='3.Data'!D5 -> 0.052 | F6: =(1+E6)^((D6-$D$5)) -> 1.052 | G6: =F6-1 -> 0.052 | H6: =$F$1 -> 100000 | I6: =I5*(1+G6)+H6 -> 205200 | L6: =H6*$F$10/F6 -> 120168.51
D7: =[5]input!C6 -> 2 | E7: ='3.Data'!D6 -> 0.051 | F7: =(1+E7)^((D7-$D$5)) -> 1.104601 | G7: =F7/F6-1 -> 0.050000951 | H7: =$F$1 -> 100000 | I7: =I6*(1+G7)+H7 -> 315460.2 | L7: =H7*$F$10/F7 -> 114446.1
D8: =[5]input!C7 -> 3 | E8: ='3.Data'!D7 -> 0.05 | F8: =(1+E8)^((D8-$D$5)) -> 1.157625 | G8: =F8/F7-1 -> 0.048002854 | H8: =$F$1 -> 100000 | I8: =I7*(1+G8)+H8 -> 430603.18 | L8: =H8*$F$10/F8 -> 109203.99
D9: =[5]input!C8 -> 4 | E9: ='3.Data'!D8 -> 0.049 | F9: =(1+E9)^((D9-$D$5)) -> 1.2108824 | G9: =F9/F8-1 -> 0.046005711 | H9: =$F$1 -> 100000 | I9: =I8*(1+G9)+H9 -> 550413.39 | L9: =H9*$F$10/F9 -> 104400.95
D10: =[5]input!C9 -> 5 | E10: ='3.Data'!D9 -> 0.048 | F10: =(1+E10)^((D10-$D$5)) -> 1.2641727 | G10: =F10/F9-1 -> 0.044009524 | I10: =I9*(1+G10)+H10 -> 574636.82 | L10: =SUM(L5:L9) -> 574636.82
E17: 1 mark | F17: 2 marks | G17: 2 marks | H17: 1 mark | I17: 6 marks | K17: or | L17: 6 marks
H24: ( maximum 12 marks)

Sheet Q.3(ii)
C1: investment p a | D1: ='Q.3(i)'!F1 -> 100000
C2: penalty | D2: 0.0056542446 | E2: 2 marks | I2: =E14-G14 -> -3.8510128e-06 | K2: 2 marks
D4: =[5]input!C3 -> duration | E4: till the end cashflows | F4: R D acc projection | G4: preclosure cashflows
E5: =-$D$1 -> -100000 | F5: ='Q.3(i)'!H5 -> 100000 | G5: =E5 -> -100000
D6: =[5]input!C5 -> 1 | E6: =-$D$1 -> -100000 | F6: =F5*(1+'Q.3(i)'!G6) -> 105200 | G6: =E6 -> -100000
D7: =[5]input!C6 -> 2 | E7: =-$D$1 -> -100000 | F7: =(F6+$D$1)*(1+'Q.3(i)'!G7)*(1-D2) -> 214241.93 | G7: =F7 -> 214241.93
D8: =[5]input!C7 -> 3 | E8: =-$D$1 -> -100000
D9: =[5]input!C8 -> 4 | E9: =-$D$1 -> -100000
D10: =[5]input!C9 -> 5 | E10: ='Q.3(i)'!I10 -> 574636.82
E12: 2 marks | G12: 2 marks
D14: IRR | E14: =IRR(E5:E10) -> 0.046740893 | G14: =IRR(G5:G10) -> 0.046744744
E15: 2 marks | G15: 1 mark
E24: ( maximum 11 marks)

Sheet Q.3(iii)
C1: alpha | D1: 0.2
C2: mean | D2: 0.05 | E2: 1.5 marks
C3: s e | D3: =3% -> 0.03
D7: simulation | E7: 0 | F7: =E7+1 -> 1 | G7: =F7+1 -> 2 | H7: =G7+1 -> 3 | I7: =H7+1 -> 4 | J7: =I7+1 -> 5
D9: 1 | E9: ='3.Data'!$D$5 -> 0.052 | F9: =E9+$D$1*($D$2-E9)+$D$3*_xlfn.NORM.S.INV('3.Data'!D15)*SQRT(E9) -> 0.060772176 | G9: =F9+$D$1*($D$2-F9)+$D$3*_xlfn.NORM.S.INV('3.Data'!E15)*SQRT(F9) -> 0.056358526 | H9: =G9+$D$1*($D$2-G9)+$D$3*_xlfn.NORM.S.INV('3.Data'!F15)*SQRT(G9) -> 0.054389473 | I9: =H9+$D$1*($D$2-H9)+$D$3*_xlfn.NORM.S.INV('3.Data'!G15)*SQRT(H9) -> 0.057403771 | J9: =I9+$D$1*($D$2-I9)+$D$3*_xlfn.NORM.S.INV('3.Data'!H15)*SQRT(I9) -> 0.054582023
D10: 2 | E10: ='3.Data'!$D$5 -> 0.052 | F10: =E10+$D$1*($D$2-E10)+$D$3*_xlfn.NORM.S.INV('3.Data'!D16)*SQRT(E10) -> 0.052876316 | G10: =F10+$D$1*($D$2-F10)+$D$3*_xlfn.NORM.S.INV('3.Data'!E16)*SQRT(F10) -> 0.047181405 | H10: =G10+$D$1*($D$2-G10)+$D$3*_xlfn.NORM.S.INV('3.Data'!F16)*SQRT(G10) -> 0.051504493 | I10: =H10+$D$1*($D$2-H10)+$D$3*_xlfn.NORM.S.INV('3.Data'!G16)*SQRT(H10) -> 0.041772819 | J10: =I10+$D$1*($D$2-I10)+$D$3*_xlfn.NORM.S.INV('3.Data'!H16)*SQRT(I10) -> 0.054297914
D11: 3 | E11: ='3.Data'!$D$5 -> 0.052 | F11: =E11+$D$1*($D$2-E11)+$D$3*_xlfn.NORM.S.INV('3.Data'!D17)*SQRT(E11) -> 0.04175209 | G11: =F11+$D$1*($D$2-F11)+$D$3*_xlfn.NORM.S.INV('3.Data'!E17)*SQRT(F11) -> 0.045533607 | H11: =G11+$D$1*($D$2-G11)+$D$3*_xlfn.NORM.S.INV('3.Data'!F17)*SQRT(G11) -> 0.042865631 | I11: =H11+$D$1*($D$2-H11)+$D$3*_xlfn.NORM.S.INV('3.Data'!G17)*SQRT(H11) -> 0.042654521 | J11: =I11+$D$1*($D$2-I11)+$D$3*_xlfn.NORM.S.INV('3.Data'!H17)*SQRT(I11) -> 0.043360684
D12: 4 | E12: ='3.Data'!$D$5 -> 0.052 | F12: =E12+$D$1*($D$2-E12)+$D$3*_xlfn.NORM.S.INV('3.Data'!D18)*SQRT(E12) -> 0.045337939 | G12: =F12+$D$1*($D$2-F12)+$D$3*_xlfn.NORM.S.INV('3.Data'!E18)*SQRT(F12) -> 0.047332002 | H12: =G12+$D$1*($D$2-G12)+$D$3*_xlfn.NORM.S.INV('3.Data'!F18)*SQRT(G12) -> 0.04780016 | I12: =H12+$D$1*($D$2-H12)+$D$3*_xlfn.NORM.S.INV('3.Data'!G18)*SQRT(H12) -> 0.04931356 | J12: =I12+$D$1*($D$2-I12)+$D$3*_xlfn.NORM.S.INV('3.Data'!H18)*SQRT(I12) -> 0.044936412
D13: 5 | E13: ='3.Data'!$D$5 -> 0.052 | F13: =E13+$D$1*($D$2-E13)+$D$3*_xlfn.NORM.S.INV('3.Data'!D19)*SQRT(E13) -> 0.051274065 | G13: =F13+$D$1*($D$2-F13)+$D$3*_xlfn.NORM.S.INV('3.Data'!E19)*SQRT(F13) -> 0.045910239 | H13: =G13+$D$1*($D$2-G13)+$D$3*_xlfn.NORM.S.INV('3.Data'!F19)*SQRT(G13) -> 0.04041459 | I13: =H13+$D$1*($D$2-H13)+$D$3*_xlfn.NORM.S.INV('3.Data'!G19)*SQRT(H13) -> 0.032169771 | J13: =I13+$D$1*($D$2-I13)+$D$3*_xlfn.NORM.S.INV('3.Data'!H19)*SQRT(I13) -> 0.042631563
E16: 1 mark | F16: 5 marks | G16: 1 mark | H16: 1 mark | I16: 1 mark | J16: 1 mark
H27: ( maximum 17 marks)
P33: 2.5 marks for chart
P34: 0.5 mark each for axis titles
P35: 1 mark for legend
P36: 1 mark for appropriate chart title
